[Event "Turkish Second League 2019"]
[Site "Konya"]
[Date "2019.07.23"]
[Round "2"]
[White "Buker, Muhittin"]
[Black "Ozates, Tuna"]
[Result "1-0"]
[ECO "A57"]
[WhiteElo "2016"]
[BlackElo "2218"]
[Annotator "ChessBase"]
[PlyCount "153"]
[EventDate "2019.07.22"]
[EventType "team-tourn"]
[EventCountry "TUR"]
[SourceTitle "playchess.com"]
[Source "ChessBase"]
[SourceQuality "1"]
[TimeControl "5400+30"]

1. d4 Nf6 2. c4 c5 3. d5 b5 4. cxb5 a6 5. b6 g6 6. Nc3 Qxb6 7. e4 d6 8. Nf3 Bg7 9. Bd3 O-O 10. h3 e6 11. O-O exd5 12. exd5 Bb7 13. Bc4 Nbd7 14. Qd3 Rfe8 15. Bf4 Qc7 16. Rfe1 Nb6 17. Nd2 Nfd7 18. Rxe8+ Rxe8 19. Bxa6 Ne5 20. Bxe5 Bxe5 21. Bb5 Ra8 22. Nc4 Nxc4 23. Qxc4 Qe7 24. a4 Qg5 25. Rd1 Bd4 26. Bc6 Qf4 27. Qe2 Ba6 28. Qe1 Rb8 29. Nb5 Bxb2 30. Qa5 Bxb5 31. axb5 Bd4 32. Rf1 c4 33. Qc7 Rb6 34. Qc8+ Kg7 35. Qg4 Qf6 36. Qf3 Qg5 37. Rd1 c3 38. Qd3 Be5 39. Qe3 c2 40. Rc1 Bf4 41. Qc3+ Be5 42. Qxc2 Qf4 43. g3 Qf6 44. Kg2 h5 45. Qe4 Rb8 46. Rd1 Qd8 47. h4 Qa5 48. Qe3 Qd8 49. Rd3 Qa5 50. Ra3 Qb4 51. Ra7 Qb2 52. Rxf7+ Kxf7 53. Qa7+ Kf6 54. Qxb8 Kg7 55. Qc7+ Kh6 56. Qf7 Qb1 57. Be8 Qe4+ 58. Qf3 Qxf3+ 59. Kxf3 Bd4 60. Ke2 Kg7 61. f4 Kf6 62. Kf3 Bc5 63. g4 hxg4+ 64. Kxg4 Bd4 65. Bd7 Bc5 66. f5 gxf5+ 67. Bxf5 Bb6 68. Kf4 Kg7 69. h5 Bc5 70. Bd3 Bd4 71. Kf5 Kf7 72. h6 Ke7 73. h7 Kd7 74. b6 Kc8 75. Ba6+ Kb8 76. Ke6 Be5 77. Kf7 1-0

[Event "Turkish Second League 2019"]
[Site "Konya"]
[Date "2019.07.23"]
[Round "2"]
[White "Altunbay, Onder"]
[Black "Sahutoglu, Mehmet Ibrahim"]
[Result "1/2-1/2"]
[ECO "A47"]
[WhiteElo "1996"]
[BlackElo "1898"]
[Annotator "NA"]
[PlyCount "105"]
[EventDate "2019.07.22"]
[EventType "team-tourn"]
[EventCountry "TUR"]
[SourceTitle "playchess.com"]
[Source "ChessBase"]
[SourceQuality "1"]
[TimeControl "5400+30"]

1. d4 c5 2. c3 e6 3. Nf3 Nf6 4. Bf4 b6 5. e3 Bb7 6. Nbd2 Be7 7. h3 O-O 8. Bd3 d6 9. O-O Nbd7 10. Qe2 Qc7 {[%emt 0:01:30] A47: 1 d4 Nf6 2 Nf3 b6: Torre, London and Colle Systems} (10... Re8 11. Bh2 Bf8 12. e4 e5 13. dxe5 Nxe5 14. Nxe5 dxe5 15. Nc4 b5 16. Nxe5 c4 17. Bc2 Bd6 18. Rad1 {1-0 (47) Anisimov,P (2533)-Piorun,K (2634) St Petersburg 2018}) 11. Bh2 Rfe8 12. e4 e5 13. dxe5 dxe5 14. Nc4 Bf8 15. a4 a6 $146 ({Predecessor:} 15... g6 16. Qc2 Bh6 17. Rfe1 Nh5 18. Rad1 {½-½ (33) Moon,B (2324)-Ludwig,J (2396) Charlotte 2017}) 16. b3 Rac8 17. Ncd2 Ra8 18. Nc4 Bc6 19. Rfe1 g6 20. g4 Re6 21. Nfd2 Ree8 22. f3 b5 23. axb5 axb5 24. Ne3 Qb6 25. Kg2 Ra5 26. c4 b4 27. Nd5 Qa7 28. Rxa5 Qxa5 29. Qd1 Bd6 30. Qa1 Qxa1 31. Rxa1 Ra8 32. Rxa8+ Bxa8 33. Nxf6+ Nxf6 34. Nf1 Nd7 35. Ne3 f6 36. Nd5 Kf7 37. Kf2 Nf8 38. Ke1 Ne6 39. Be2 Nd4 40. Bd1 Bxd5 41. exd5 f5 42. Bg3 Kf6 43. Bh4+ g5 44. Bg3 Ke7 45. Bf2 Kf6 46. Bg3 Kg6 47. Bh2 h5 48. Bg3 hxg4 49. hxg4 Kf6 50. Kd2 Ke7 51. Bh2 fxg4 52. fxg4 e4 $15 53. Ke3 1/2-1/2

[Event "Turkish Second League 2019"]
[Site "Konya"]
[Date "2019.07.23"]
[Round "2"]
[White "Donmez, Taha Mert"]
[Black "Ilkimen, Mehmet Emre"]
[Result "1/2-1/2"]
[ECO "A21"]
[WhiteElo "1961"]
[BlackElo "1863"]
[Annotator "NA"]
[PlyCount "79"]
[EventDate "2019.07.22"]
[EventType "team-tourn"]
[EventCountry "TUR"]
[SourceTitle "playchess.com"]
[Source "ChessBase"]
[SourceQuality "1"]
[TimeControl "5400+30"]

1. c4 e5 2. Nc3 Nc6 3. g3 f5 4. Bg2 Nf6 5. e3 d6 6. Nge2 Be7 7. O-O O-O 8. b3 Qe8 9. d4 Qh5 {[%emt 0:04:30] A21: English Opening: 1...e5 2 Nc3} (9... Bd7 10. Bb2 a6 11. Qd2 Qh5 12. Nd5 Bd8 13. Rad1 e4 14. Nef4 Qh6 15. Nxf6+ Qxf6 16. f3 exf3 17. Bxf3 {½-½ (31) Fassaert,D (1923)-Hamperl,F (2062) Vale 2017}) 10. Nd5 $146 ({Predecessor:} 10. dxe5 dxe5 11. Nd5 Nxd5 12. Bxd5+ Kh8 13. Bb2 f4 14. exf4 Bg4 15. f3 Bh3 16. Re1 exf4 17. Bxc6 {1-0 (32) Pogadl,J (1632)-Kardis,B (1853) Liptovsky Mikulas 2018}) 10... Bd8 11. dxe5 Nxe5 12. Nef4 Qxd1 13. Rxd1 g5 14. Nd3 Nxd5 15. Bxd5+ Kg7 16. Nxe5 dxe5 17. f4 gxf4 18. gxf4 c6 19. Bf3 e4 $11 20. Bb2+ Bf6 21. Bxf6+ Kxf6 22. Bh5 Be6 23. Rd2 Rfd8 24. Rad1 Rxd2 25. Rxd2 c5 26. Kf2 Ke7 27. Rd1 a5 28. a4 Rg8 29. Rd2 Rg7 30. Kf1 Rg8 31. Rd1 Rg7 32. Rd2 Rg8 33. Rg2 Rxg2 34. Kxg2 Bf7 35. Be2 Kf6 36. Kg3 Kg7 37. Kh4 Kh6 38. Bd1 Be8 39. Be2 Bf7 40. Bd1 1/2-1/2

[Event "Turkish Second League 2019"]
[Site "Konya"]
[Date "2019.07.23"]
[Round "2"]
[White "Cilek, Bora"]
[Black "Ozkurt, Kutay"]
[Result "1/2-1/2"]
[ECO "B31"]
[WhiteElo "1948"]
[BlackElo "1824"]
[Annotator "NA"]
[PlyCount "159"]
[EventDate "2019.07.22"]
[EventType "team-tourn"]
[EventCountry "TUR"]
[SourceTitle "playchess.com"]
[Source "ChessBase"]
[SourceQuality "1"]
[TimeControl "5400+30"]

1. e4 c5 2. Nf3 Nc6 3. Bb5 g6 4. Bxc6 bxc6 5. O-O Bg7 6. Re1 Nf6 7. e5 Nd5 8. c4 Nc7 9. d4 cxd4 10. Qxd4 O-O 11. Qh4 Ne6 12. Bh6 {[%emt 0:01:30] B31: Sicilian: 2...Nc6 3 Bb5 g6} Bb7 13. Nc3 Re8 14. Rad1 Qc7 $146 ({Predecessor:} 14... c5 15. Nd5 Bxd5 16. cxd5 Nf8 17. Bg5 f6 18. exf6 exf6 19. Rxe8 Qxe8 20. Bxf6 Qf7 21. Bxg7 Kxg7 22. b4 cxb4 23. Qxb4 Re8 24. Qd4+ Qf6 25. Qxa7 Qb2 26. Qd4+ {1-0 (26) Glek,I (2535)-Roch,T Le Touquet 1993}) 15. Bxg7 Kxg7 16. Ne4 ({Better is} 16. Rd3 $16) 16... c5 17. Nfg5 Nxg5 (17... h6 $1 $11 18. Nf3 Qa5) 18. Qxg5 Bxe4 19. Rxe4 h6 20. Qg3 Qc6 21. Re2 Rab8 22. b3 a5 23. Qc3 Kg8 24. Qxa5 Ra8 25. Qd2 Qe6 26. Qxh6 d6 27. Re3 dxe5 28. a4 Qf6 29. Rde1 Red8 30. Kf1 e6 31. Rf3 Qe7 32. Rh3 Qf6 33. Qh7+ Kf8 34. Qh8+ Ke7 35. Qxf6+ Kxf6 36. Rf3+ Ke7 37. Rxe5 Rd1+ 38. Re1 Rd2 39. g3 Rb2 40. Re5 Rc8 41. Rd3 f6 42. Re2 Rb1+ 43. Kg2 g5 44. Rde3 Rc6 45. Rd3 Rb6 46. Ree3 g4 47. h3 gxh3+ 48. Kxh3 Rb8 49. Kg2 f5 50. Kf3 Rb2 51. a5 Ra8 52. Rd5 Rxa5 53. Rde5 Raa2 54. Rxe6+ Kf7 55. Kf4 Rxf2+ 56. Kg5 Ra7 57. R6e5 Kg8 58. Re8+ Kf7 59. Rc8 Kg7 60. Rxc5 Kg8 61. Rc8+ Kh7 62. Rf8 Rg7+ 63. Kf6 f4 64. gxf4 Rxf4+ 65. Ke6 Rxf8 66. Kd6 Rc8 67. Re7 Rc6+ $2 (67... Rxe7 $19 68. Kxe7 Kg8) 68. Kxc6 Rxe7 69. b4 $11 Re4 70. Kd5 Re1 71. c5 Kg7 72. b5 Kf7 73. Kc6 Ke7 74. b6 Kd8 75. Kb7 Rc1 76. c6 Rc2 77. c7+ Kd7 78. Ka7 Rb2 79. Kb7 Rc2 80. Ka7 1/2-1/2

[Event "Turkish Second League 2019"]
[Site "Konya"]
[Date "2019.07.23"]
[Round "2"]
[White "Yurtoglu, Osman Talha"]
[Black "Temizkan, Denizcan"]
[Result "1-0"]
[ECO "C47"]
[WhiteElo "1923"]
[BlackElo "2202"]
[Annotator "ChessBase"]
[PlyCount "83"]
[EventDate "2019.07.22"]
[EventType "team-tourn"]
[EventCountry "TUR"]
[SourceTitle "playchess.com"]
[Source "ChessBase"]
[SourceQuality "1"]
[TimeControl "5400+30"]

1. e4 e5 2. Nf3 Nc6 3. Nc3 Nf6 4. Be2 Bb4 5. Nd5 Bc5 6. d3 d6 7. Bg5 Be6 8. c3 Bxd5 9. exd5 Ne7 10. b4 Bb6 11. Bxf6 gxf6 12. Qb3 Rg8 13. Rg1 a5 14. a4 Ng6 15. g3 f5 16. d4 e4 17. Nd2 axb4 18. Qxb4 Nf4 19. Bb5+ Kf8 20. Qb3 c6 21. dxc6 bxc6 22. Bxc6 Rc8 23. Bb5 Ba5 24. Rc1 Qg5 25. Bf1 Qh5 26. Qd1 Qxh2 27. gxf4 Rxg1 28. Qb3 Qxf4 29. Qb7 Rxc3 30. Rxc3 Bxc3 31. Qc8+ Kg7 32. Qxc3 d5 33. a5 Qd6 34. Qc5 Qe6 35. Qb5 e3 36. Nf3 Rh1 37. Ne5 exf2+ 38. Kxf2 Qh6 39. Nf3 Qf4 40. Qxd5 Rh2+ 41. Bg2 Qe4 42. Qxe4 1-0

[Event "Turkish Second League 2019"]
[Site "Konya"]
[Date "2019.07.23"]
[Round "2"]
[White "Caner, Resul"]
[Black "Uyan, Ata Gunduz"]
[Result "1/2-1/2"]
[ECO "C10"]
[WhiteElo "1921"]
[BlackElo "1781"]
[Annotator "NA"]
[PlyCount "197"]
[EventDate "2019.07.22"]
[EventType "team-tourn"]
[EventCountry "TUR"]
[SourceTitle "playchess.com"]
[Source "ChessBase"]
[SourceQuality "1"]
[TimeControl "5400+30"]

1. e4 e6 2. d4 d5 3. Nc3 dxe4 4. Nxe4 Nd7 5. Nf3 Ngf6 6. Nxf6+ Nxf6 7. Bd3 Be7 8. Ne5 O-O 9. O-O h6 {[%emt 0:00:30] C10: French with 3 Nc3: Unusual Black 3rd moves and 3...dxe4} (9... Nd7 10. Bf4 Nxe5 11. Bxe5 Bf6 12. Bxf6 Qxf6 13. c3 Bd7 14. Be4 Rab8 15. Qf3 Qxf3 16. Bxf3 Rfd8 17. Rfe1 {½-½ (31) Ruiz Castillo,J (2433)-Cruz,C (2540) Brownsville 2015}) 10. Qe2 $146 ({Predecessor:} 10. Be3 Nd5 11. Bd2 Bg5 12. f4 Be7 13. c3 c5 14. Nf3 cxd4 15. cxd4 Qb6 16. Bc1 Bd7 17. Kh1 {½-½ (34) Ivanovic,Z (2096)-Stanisavljevic,V Jagodina 2012}) 10... Qxd4 11. Rd1 Qc5 12. Nf3 b6 13. Ne5 Bb7 14. Bd2 Bd6 15. Nc4 Qh5 16. Qxh5 Nxh5 17. Nxd6 cxd6 18. Be2 Nf6 19. Bb4 Rfc8 20. Bxd6 Rxc2 21. Bd3 Rcc8 22. Be5 Nd5 23. Be4 Rc4 24. Bxd5 Bxd5 25. f3 Rac8 26. Bc3 b5 27. a3 Kf8 28. Rd4 g6 29. Re1 Rxd4 30. Bxd4 a6 31. Kf2 Ke7 32. g4 Rc4 33. Bc3 Kd6 34. h3 Kc5 35. Bg7 $15 h5 36. gxh5 gxh5 37. Re3 Rf4 38. Kg3 Rf5 39. f4 f6 40. Rc3+ Kd4 41. Bf8 Bc4 42. Bd6 Ke4 43. h4 Rd5 44. Bc7 Rd7 45. Bb8 Rd8 46. Bc7 Rd2 47. b3 Bd5 48. Bb6 Rb2 49. Bf2 Rxb3 50. Rxb3 Bxb3 51. Bc5 e5 52. fxe5 fxe5 53. Kf2 Kd3 54. Be3 Bd1 55. Bb6 e4 56. Be3 a5 57. Bc5 Kc4 58. Be7 b4 59. axb4 axb4 60. Ke1 Bf3 61. Kd2 b3 62. Bf6 Bg4 63. Bb2 Bd7 64. Ke3 Kd5 65. Kf4 Bb5 66. Ke3 Bd3 67. Kf4 Bc2 68. Ke3 Kc4 69. Bf6 Kb4 70. Bb2 Kc5 71. Kf4 Kd6 72. Ke3 Ke6 73. Kf4 Bd3 74. Bc3 Bb1 75. Bb2 Kd5 76. Ke3 Kc4 77. Bf6 Bc2 78. Bb2 Kb4 79. Kf4 Kc4 80. Ke3 Kd5 81. Kf4 Ke6 82. Bc3 Bd3 83. Bb2 Bc2 84. Bc3 Kd5 85. Ke3 Bd1 86. Bb2 Bg4 87. Bc3 Kc4 88. Bb2 Bf5 89. Bf6 Bh7 90. Bb2 Kd5 91. Bc3 Bg6 92. Bb2 Be8 93. Bc3 Bc6 94. Bb2 Ke6 95. Kf4 Bd5 96. Bc3 e3 97. Kxe3 Kf5 98. Kd2 Ke4 99. Kc1 1/2-1/2

[Event "Turkish Second League 2019"]
[Site "Konya"]
[Date "2019.07.23"]
[Round "2"]
[White "Gurbuz, Bayram"]
[Black "Demirbag, Alihan"]
[Result "0-1"]
[ECO "D00"]
[WhiteElo "1906"]
[BlackElo "2087"]
[Annotator "NA"]
[PlyCount "134"]
[EventDate "2019.07.22"]
[EventType "team-tourn"]
[EventCountry "TUR"]
[SourceTitle "playchess.com"]
[Source "ChessBase"]
[SourceQuality "1"]
[TimeControl "5400+30"]

1. d4 d5 2. e3 e6 3. Nd2 (3. Nf3 Nf6 4. c4 c5 5. cxd5 exd5 6. Be2 Nc6 7. O-O cxd4 8. exd4 Be7 9. Nc3 O-O 10. Bg5 Be6 {½-½ (10) Kurajica,B (2516)-Dizdarevic,E (2458) Sarajevo 2018}) 3... c5 4. c3 Nc6 5. f4 Bd6 6. Ndf3 {[%emt 0:01:30] D00: 1 d4 d5: Unusual lines} f5 7. Bd3 Nf6 $146 ({Predecessor:} 7... c4 8. Bc2 Nf6 9. b3 b5 10. Bb2 Qa5 11. Ne2 Ng4 12. Qd2 {1-0 (44) Llacuna Cufi,S (1986)-Fabrega Ramon,S (1763) Balaguer 2012}) 8. Ne2 c4 9. Bc2 b5 10. a3 a5 11. O-O Bd7 12. b3 ({White should play} 12. Ne5 $15) 12... cxb3 13. Bxb3 a4 14. Bc2 O-O 15. Ne5 Na5 16. Rf3 Qe7 17. Rh3 Rac8 18. Bb2 Be8 19. Qe1 Bh5 20. Ng3 Bg4 21. Rh4 Bxe5 22. dxe5 (22. fxe5 $17 {only move.} Nd7 23. Rxg4 fxg4 24. e4) 22... Nd7 23. Nf1 Nc4 24. Bc1 Nc5 25. Rb1 Be2 26. Rh3 Bd3 27. Qd1 Bxc2 28. Qxc2 Nb3 29. Rxb3 axb3 30. Qxb3 Qc5 31. Qd1 g6 32. g4 Nxa3 33. gxf5 Rxf5 34. Ng3 Qxc3 35. Bd2 Qc2 36. Qe1 Rf7 37. f5 exf5 38. e6 Re7 39. Bb4 Qc1 40. Qxc1 Rxc1+ 41. Nf1 Ra7 42. e7 Rc8 43. e4 Nc4 44. exd5 h5 45. d6 Kf7 46. Rd3 Rd7 47. Nd2 Rc6 48. Nxc4 bxc4 49. Re3 Rc8 50. Kf2 c3 51. Bxc3 Rxd6 52. Bb4 Re6 53. Ra3 Rc4 54. Rb3 Rb6 55. Re3 Re4 56. Rxe4 fxe4 57. Bc5 Rc6 58. Bb4 Rc4 59. Bd6 Rc6 60. Bb4 Rc2+ 61. Kg3 $19 e3 62. Kf3 Rxh2 63. Kxe3 Rh3+ 64. Kf2 Rh4 65. Bd6 Re4 66. Kf3 Re6 67. Bc5 Rxe7 0-1

[Event "Turkish Second League 2019"]
[Site "Konya"]
[Date "2019.07.23"]
[Round "2"]
[White "Akdag, Omer Amir"]
[Black "Derbentli, Refik"]
[Result "0-1"]
[ECO "C00"]
[WhiteElo "1903"]
[BlackElo "1324"]
[Annotator "NA"]
[PlyCount "150"]
[EventDate "2019.07.22"]
[EventType "team-tourn"]
[EventCountry "TUR"]
[SourceTitle "playchess.com"]
[Source "ChessBase"]
[SourceQuality "1"]
[TimeControl "5400+30"]

1. Nf3 Nf6 2. g3 e6 3. Bg2 d5 4. O-O Be7 5. d3 O-O 6. Nbd2 c5 7. e4 dxe4 8. dxe4 Nc6 9. c3 Qc7 10. Qe2 {[%emt 0:01:30] C00: French: Unusual White 2nd moves} Rd8 11. Nc4 e5 12. Bg5 Be6 13. Nfd2 $146 ({Predecessor:} 13. Nh4 h6 14. Bxf6 Bxf6 15. Nf5 Ne7 16. Nce3 Bxf5 17. exf5 Bg5 18. Nc4 Nxf5 19. Qxe5 Qxe5 20. Nxe5 {1-0 (59) Sapis,W (2396)-Skomial,M (2025) Jastrzebia Gora 2015}) 13... Rd7 14. Ne3 Rad8 15. Rfd1 h6 16. Bxf6 $1 Bxf6 17. Ndc4 Ne7 18. a4 Bg5 19. Nd5 Nxd5 20. exd5 Bxd5 21. Nxe5 Re7 22. f4 Bxg2 23. Qxg2 Bf6 24. Ng4 Rxd1+ 25. Rxd1 Qb6 26. Qf2 Qb3 27. Rd8+ Kh7 28. Nxf6+ gxf6 29. Qxc5 Qe6 30. Qf2 Qc4 31. Rd4 Qe6 32. Qd2 Qg4 33. Qd3+ Kg7 34. f5 Qh3 35. Qf1 Qh5 36. Rf4 Re5 37. Qf3 Qh3 38. Qd3 Re1+ 39. Kf2 Rh1 40. Ke3 Rxh2 41. Kd4 Qg2 42. b3 h5 43. Kc4 a5 44. Qf3 Qd2 45. Rd4 Qe1 46. g4 h4 47. g5 fxg5 48. f6+ Kg6 49. Qd3+ Kh6 50. Re4 Qf2 51. Qd8 Qf5 52. Qf8+ {[%emt 0:00:31] Double Attack} Kh5 53. Qh8+ Kg6 54. Qg7+ Kh5 55. Qxf7+ Qg6 56. Qe6 Rf2 57. Qg4+ Kh6 58. Rd4 (58. Kd4 $142 Qxf6+ 59. Kd3 Qd6+ 60. Rd4) 58... Qxf6 59. Qd1 Qc6+ 60. Kd3 Qf3+ 61. Qxf3 Rxf3+ 62. Ke2 Rxc3 63. Rd6+ Kh5 64. Rb6 Rc7 65. Rb5 Rf7 66. Rxa5 h3 67. Ra8 Kg4 68. Rh8 Kg3 69. a5 h2 70. Rh5 Rf5 71. b4 Kg2 72. b5 h1=Q 73. Rxh1 Kxh1 74. a6 bxa6 75. bxa6 Ra5 0-1

[Event "Turkish Second League 2019"]
[Site "Konya"]
[Date "2019.07.23"]
[Round "2"]
[White "Demirtas, Hafize"]
[Black "Konal, Emine Nursel"]
[Result "1-0"]
[ECO "C55"]
[WhiteElo "1893"]
[BlackElo "1306"]
[Annotator "NA"]
[PlyCount "55"]
[EventDate "2019.07.22"]
[EventType "team-tourn"]
[EventCountry "TUR"]
[SourceTitle "playchess.com"]
[Source "ChessBase"]
[SourceQuality "1"]
[TimeControl "5400+30"]

1. e4 e5 2. Nf3 Nf6 3. Nc3 Nc6 4. Bc4 Bb4 5. d3 h6 6. O-O O-O 7. Nd5 Ba5 8. c3 d6 9. b4 {[%emt 0:03:30] C55: Two Knights: 4 d3, 4 d4 exd4 5 e5 and Max Lange Attack} Bb6 10. Nxb6 (10. a4 a6 11. Nxb6 cxb6 12. Re1 Re8 13. Bd2 Bd7 14. Qb3 Be6 15. Bxe6 Rxe6 16. c4 Nh5 {1-0 (34) Egin,V (2410)-Iuldachev,S (2511) Tashkent 2010}) 10... axb6 11. h3 ({Predecessor:} 11. Qb3 Ne7 12. Qc2 Ng6 13. d4 {0-1 (63) Bukhteeva,V (2169)-Velcheva,M (2224) Sunny Beach 2015}) 11... Ne7 12. Qc2 Ng6 (12... Nc6 ) 13. d4 Nh5 14. Kh2 Kh8 15. dxe5 dxe5 16. Qd1 Qe7 17. g3 b5 18. Bb3 f5 $2 (18... Nf6 $15 {stays ahead.}) 19. Nxe5 Qxe5 20. Qxh5 Kh7 $18 21. Be3 Qxc3 22. Rac1 Qe5 23. Rc5 Qxe4 24. Rxc7 f4 25. Bc2 fxg3+ 26. fxg3 Rxa2 27. Qxh6+ Kg8 28. Qxg7# 1-0

[Event "Turkish Second League 2019"]
[Site "Konya"]
[Date "2019.07.23"]
[Round "2"]
[White "Isik, Recep"]
[Black "Zor, Alber Kadir"]
[Result "0-1"]
[ECO "C60"]
[WhiteElo "1893"]
[BlackElo "2160"]
[Annotator "ChessBase"]
[PlyCount "84"]
[EventDate "2019.07.22"]
[EventType "team-tourn"]
[EventCountry "TUR"]
[SourceTitle "playchess.com"]
[Source "ChessBase"]
[SourceQuality "1"]
[TimeControl "5400+30"]

1. e4 e5 2. Nf3 Nc6 3. Bb5 Nge7 4. O-O a6 5. Bxc6 Nxc6 6. d4 d6 7. dxe5 Nxe5 8. Nxe5 dxe5 9. Qxd8+ Kxd8 10. Rd1+ Ke8 11. Nc3 c6 12. Be3 b5 13. Bb6 Be6 14. b3 f6 15. Rd3 Be7 16. Rad1 Rc8 17. f3 Kf7 18. Kf2 h5 19. h3 g5 20. a4 g4 21. h4 gxf3 22. gxf3 f5 23. Rh1 f4 24. a5 Rhg8 25. Ne2 c5 26. Rd2 c4 27. bxc4 Rxc4 28. c3 Rc6 29. Ke1 b4 30. Bf2 bxc3 31. Rc2 Bb3 32. Rc1 c2 33. Rg1 Bb4+ 34. Kf1 Bd2 35. Rxg8 Kxg8 36. Be1 Bxc1 37. Nxc1 Bc4+ 38. Kf2 Rd6 39. Bc3 Rd1 40. Bb2 Kf7 41. Ba3 Ke6 42. Bb2 Kd6 0-1

[Event "Turkish Second League 2019"]
[Site "Konya"]
[Date "2019.07.23"]
[Round "2"]
[White "Catal, Uktenur"]
[Black "Goksu, Beyza"]
[Result "1-0"]
[ECO "E76"]
[WhiteElo "1885"]
[BlackElo "1107"]
[Annotator "NA"]
[PlyCount "41"]
[EventDate "2019.07.22"]
[EventType "team-tourn"]
[EventCountry "TUR"]
[SourceTitle "playchess.com"]
[Source "ChessBase"]
[SourceQuality "1"]
[TimeControl "5400+30"]

1. d4 Nf6 2. c4 g6 3. Nc3 Bg7 4. e4 d6 5. f4 O-O 6. Nf3 Nfd7 7. Be2 {[%emt 0:02:00] E76: King's Indian: Four Pawns Attack: Lines specific to 6 Nf3 move-order} e5 8. fxe5 dxe5 9. d5 f5 10. exf5 $146 ({Predecessor:} 10. Be3 f4 11. Bf2 c5 12. O-O Na6 13. Nb5 Kh8 14. Nd6 {1-0 (63) Taylor,T (2326)-Pesotsky,V (2371) Budapest 2008}) 10... Rxf5 11. O-O c6 12. Be3 Rf8 13. Qd2 Qe7 14. Ne4 $18 Nf6 15. Nxf6+ Qxf6 16. Ng5 Qd8 17. Rxf8+ Qxf8 18. Rf1 Qe8 19. dxc6 bxc6 20. c5 Bf5 21. Bc4+ 1-0

[Event "Turkish Second League 2019"]
[Site "Konya"]
[Date "2019.07.23"]
[Round "2"]
[White "Boz, Fatih Emre"]
[Black "Yigit, Ahmet Yasir"]
[Result "1/2-1/2"]
[ECO "C26"]
[WhiteElo "1854"]
[BlackElo "1962"]
[Annotator "NA"]
[PlyCount "89"]
[EventDate "2019.07.22"]
[EventType "team-tourn"]
[EventCountry "TUR"]
[SourceTitle "playchess.com"]
[Source "ChessBase"]
[SourceQuality "1"]
[TimeControl "5400+30"]

1. e4 e5 2. Nc3 Nf6 3. g3 c6 4. Bg2 d5 5. d3 Bb4 (5... dxe4 6. dxe4 Qxd1+ 7. Nxd1 Be6 8. f3 Na6 9. a3 Nd7 10. Be3 Bc5 11. Ne2 Ke7 12. Kf2 {½-½ (33) Lu,S (2620)-Wang,Y (2706) China 2017}) 6. Bd2 {[%emt 0:06:30] C26: Vienna Game: 2...Nf6, sidelines} O-O 7. h3 Re8 8. a3 Bf8 $146 ({Predecessor:} 8... Be7 9. Nf3 dxe4 10. Nxe4 Qc7 11. Nc3 e4 12. Bf4 {0-1 (28) Martin Dinares,L (1883)-Marin Benito,C (2036) Platja d'Aro 2015}) 9. Nf3 d4 10. Ne2 c5 11. O-O c4 12. Ne1 cxd3 13. cxd3 Nbd7 14. f4 Qb6 15. Rb1 a5 16. Kh2 Bd6 17. Nf3 exf4 18. Bxf4 Bxf4 19. Nxf4 Ne5 20. Nxe5 Rxe5 21. Qf3 Be6 22. b4 axb4 23. Rxb4 Qd6 24. Nxe6 $14 Rxe6 25. Rxb7 Qxa3 26. Rfb1 Ree8 27. R1b5 Qd6 28. R7b6 Qf8 29. Rxf6 gxf6 30. Qxf6 h6 31. Qxd4 Red8 32. Qc4 Rac8 33. Qb3 Qg7 34. e5 Qg6 35. Be4 Qg5 36. Rb7 Qd2+ 37. Bg2 Qf2 38. Rb4 Rc2 39. Rg4+ Kh8 40. Qb7 Rc1 41. h4 Rg8 42. Rxg8+ Kxg8 43. Qe4 Rc2 44. e6 Kg7 45. Qe5+ 1/2-1/2

[Event "Turkish Second League 2019"]
[Site "Konya"]
[Date "2019.07.23"]
[Round "2"]
[White "Kara, Gulce Nehir"]
[Black "Ayazmali, Gizem"]
[Result "1-0"]
[ECO "B51"]
[WhiteElo "1767"]
[BlackElo "1767"]
[Annotator "NA"]
[PlyCount "129"]
[EventDate "2019.07.22"]
[EventType "team-tourn"]
[EventCountry "TUR"]
[SourceTitle "playchess.com"]
[Source "ChessBase"]
[SourceQuality "1"]
[TimeControl "5400+30"]

1. e4 c5 2. Nf3 d6 3. Bb5+ Nd7 4. O-O a6 5. Bxd7+ Bxd7 6. Re1 e6 7. c3 Be7 8. d4 c4 9. e5 d5 10. h3 h5 11. Nh2 b5 12. f4 g6 13. Qf3 h4 14. Ng4 b4 15. Bd2 Ba4 16. cxb4 Bc2 17. a3 Be4 18. Qf2 Bf5 19. Nh2 Nh6 20. Nc3 Qd7 21. Nd1 Bd3 22. Ne3 Rb8 23. Bc3 Nf5 24. Nxf5 Bxf5 25. Ng4 Qd8 26. Qe2 g5 27. fxg5 Bxg5 28. Bd2 Bxg4 29. hxg4 Rg8 30. Rf1 Bxd2 31. Qxd2 Rxg4 32. Qh6 Qg5 33. Qxg5 Rxg5 34. Kh2 a5 35. Kh3 Rg7 36. Kxh4 Ke7 37. g4 axb4 38. axb4 Rxb4 39. Ra7+ Kd8 40. Rf2 Rb3 41. Ra8+ Kd7 42. Rf8 Ke7 43. Ra8 Rh7+ 44. Kg5 Rg7+ 45. Kh4 Rh7+ 46. Kg5 Rb7 47. Rc8 Rh1 48. Rd2 Rb1 49. Kh6 R1xb2 50. Rxb2 Rxb2 51. g5 Rb7 52. Kg7 Kd7 53. Rc5 Kd8 54. Kf8 Rc7 55. Rxc7 Kxc7 56. Kxf7 c3 57. g6 c2 58. g7 c1=Q 59. g8=Q Qf4+ 60. Kxe6 Qxd4 61. Qf7+ Kb6 62. Qe7 Qc5 63. Qd8+ Ka6 64. Qd6+ Kb5 65. Qxd5 1-0

[Event "Turkish Second League 2019"]
[Site "Konya"]
[Date "2019.07.23"]
[Round "2"]
[White "Zuberoglu, Ibrahim Berk"]
[Black "Ozcoban, Kadir"]
[Result "0-1"]
[ECO "A26"]
[WhiteElo "1737"]
[BlackElo "1850"]
[Annotator "NA"]
[PlyCount "104"]
[EventDate "2019.07.22"]
[EventType "team-tourn"]
[EventCountry "TUR"]
[SourceTitle "playchess.com"]
[Source "ChessBase"]
[SourceQuality "1"]
[TimeControl "5400+30"]

1. Nf3 Nf6 2. c4 g6 3. g3 Bg7 4. Bg2 O-O 5. O-O d6 6. Nc3 Nc6 7. d3 e5 8. Rb1 Nh5 9. b4 f5 10. Nd5 h6 11. Nd2 Nd4 12. e3 Ne6 13. Ba3 a6 14. c5 Nf6 15. Qb3 Kh7 16. Rfc1 f4 17. cxd6 cxd6 18. Nxf6+ Qxf6 19. Ne4 Qe7 20. b5 Rd8 21. b6 Bf8 22. Qd5 Rb8 23. d4 exd4 24. exd4 Qg7 25. Bh3 Nxd4 26. Rc7 Bxh3 27. Rxg7+ Bxg7 28. Nd2 Re8 29. Bb2 Be6 30. Qxd6 Rbd8 31. Qb4 Bf5 32. Rf1 Nc6 33. Qxf4 Bxb2 34. Nc4 Rd4 35. Qf3 Rd3 36. Qg2 Bd4 37. Nd6 Re2 38. Nxf5 Rxf2 39. Nxd4 Rxg2+ 40. Kxg2 Rxd4 41. Rf7+ Kg8 42. Rxb7 Rb4 43. a3 Rb3 44. a4 a5 45. Kh3 Rb4 46. g4 Rb3+ 47. Kh4 Kf8 48. Rh7 Rxb6 49. Rxh6 Kg7 50. Kg5 Nd4 51. Rh3 Ne6+ 52. Kh4 g5+ 0-1

[Event "Turkish Second League 2019"]
[Site "Konya"]
[Date "2019.07.23"]
[Round "2"]
[White "Ciblakbas, Sertan"]
[Black "Zengin, Hande"]
[Result "1-0"]
[ECO "A24"]
[WhiteElo "1729"]
[BlackElo "1661"]
[Annotator "NA"]
[PlyCount "43"]
[EventDate "2019.07.22"]
[EventType "team-tourn"]
[EventCountry "TUR"]
[SourceTitle "playchess.com"]
[Source "ChessBase"]
[SourceQuality "1"]
[TimeControl "5400+30"]

1. c4 Nf6 2. Nc3 g6 3. g3 Bg7 4. Bg2 e5 5. Nf3 d6 6. d4 Qe7 7. Bg5 c6 8. dxe5 dxe5 9. Nd2 Qc7 10. Nde4 Nxe4 11. Nxe4 O-O 12. Qd6 Qxd6 13. Nxd6 f6 14. Be3 Na6 15. O-O Rd8 16. Nxc8 Rdxc8 17. Rfd1 Rc7 18. a3 c5 19. Rd6 Rb8 20. Rad1 b6 21. Rd7 Rbc8 22. Bb7 1-0